 Dungeon Crawl Stone Soup version 0.29-a0-770-g2e8140cf71 (webtiles) character file.

Game seed: 10678133549444361924

79 Querens the Covered (level 4, -2/40 HPs)
             Began as a Meteoran Fighter on July 1, 2022.
             Slain by Terence
             ... wielding a +0 hand axe
              (6 damage)
             ... on level 2 of the Dungeon.
             The game lasted 00:03:30 (819 turns).

Querens the Covered (Meteoran Fighter)               Turns: 819, Time: 00:03:31

Health: -2/40      AC:  7    Str: 20    XL:     4   Next: 96%
Magic:  5/5        EV:  9    Int:  9    God:
Gold:   60         SH:  5    Dex: 13    Spells: 3/3 levels left

rFire   . . .      SeeInvis .   a - +0 war axe
rCold   . . .      Faith    .   c - +0 buckler
rNeg    . . .      Spirit   .   b - +0 scale mail
rPois   .          Reflect  .   (no helmet)
rElec   .          Harm     .   (no cloak)
rCorr   .          Rampage  .   (no gloves)
Will    .....                   (no boots)
Stlth   ..........              (no amulet)
HPRegen 0.13/turn               (no ring)
MPRegen 0.09/turn               (no ring)

@: glowing
A: sense surroundings 1, otherworldly, glowing, explore regen
a: no special abilities


You were on level 2 of the Dungeon.
You visited 1 branch of the dungeon, and saw 2 of its levels.

You collected 164 gold pieces.
You spent 104 gold pieces at shops.

Inventory:

Hand Weapons
 a - a +0 war axe (weapon)
Armour
 b - a +0 scale mail (worn)
 c - a +0 buckler (worn)
Jewellery
 j - a ring of magical power
 r - an amulet of magic regeneration
 s - a ring of see invisible
Scrolls
 e - a scroll of noise {unknown}
 g - 2 scrolls of identify {unknown}
 h - a scroll of blinking {unknown}
 l - 3 scrolls of teleportation {unknown}
 m - 2 scrolls of magic mapping {unknown}
 o - a scroll of fear {unknown}
 p - a scroll of summoning {unknown}
 u - 2 scrolls of torment {unknown}
Potions
 d - a potion of might
 i - a potion of mutation {unknown}
 k - a potion of berserk rage {unknown}
 n - a potion of attraction
 t - a potion of haste {unknown}
 v - a potion of flight {unknown}


   Skills:
 + Level 3.9 Fighting
 + Level 3.4 Axes
 + Level 4.4 Armour
 + Level 4.4 Shields


You had 3 spell levels left.
You didn't know any spells.
Your spell library was empty.

Dungeon Overview and Level Annotations

Branches:
Dungeon (2/15) Zot: 345

Altars:

Shops:
D:1 *:((

Annotations:
D:2 Terence


Innate Abilities, Weirdness & Mutations

You passively map a small area around you.
You are easily found by Zot.
You glow in the dark.
You regain HP and MP as you explore.


Message History

Terence asks, "Do you want it fast or slow?"
Terence is attracted toward you. The goblin is attracted toward you.
You see here 2 gold pieces.
You now have 60 gold pieces (gained 2).
Terence hits you but does no damage. The goblin is attracted toward you.
You barely miss Terence. You barely miss the goblin.
You block the goblin's attack. Terence hits you with a +0 hand axe.
Terence looks scornfully at you. Terence hits you but does no damage.
The goblin hits you with a +1 dagger of electrocution.
You hit Terence.
Terence is moderately wounded.
You hit the goblin.
You kill the goblin!
Terence closely misses you.
You feel less attractive to monsters.
You closely miss Terence.
Terence is moderately wounded.
Terence hits you but does no damage.
You hit Terence.
Terence is heavily wounded.
Terence hits you with a +0 hand axe. You block Terence's attack.
You barely miss Terence.
Terence is heavily wounded.
Terence hits you with a +0 hand axe.
* * * LOW HITPOINT WARNING * * *
You barely miss Terence.
Terence is heavily wounded.
Terence hits you but does no damage.
You barely miss Terence.
Terence is heavily wounded.
Terence barely misses you. Terence hits you with a +0 hand axe.
* * * LOW HITPOINT WARNING * * *
You hit Terence.
Terence is almost dead.
Terence hits you with a +0 hand axe.
* * * LOW HITPOINT WARNING * * *
You closely miss Terence.
Terence is almost dead.
Terence hits you but does no damage. Terence hits you with a +0 hand axe.
You die...

., #....†......... * .
#...###...######
.###.####g......... , # ..#.#
##..######## ,
#.*#.#.###..######### ,.
#.##.#(##....g....>##
,...#..#...##..........#
.........#............##
#....)...)@@.............#.
#........................#.
#....)...................#.
##......................... *
#..................#.#...#. *
#. #..................#.#...
...####......................#.
...........<..........^.##.###.
...[.....................>.....


You could see Terence.

Vanquished Creatures
  3 gnolls (D:2)
  2 adders (D:2)
  A dart slug (D:1)
  An endoplasm (D:2)
  4 goblins
  A hobgoblin (D:2)
  7 kobolds
  4 quokkas
  2 ball pythons (D:2)
  6 bats
  2 rats (D:1)
33 creatures vanquished.

Notes
Turn   | Place    | Note
-------+----------+-------------------------------------------
     0 | D:1      | Querens the Meteoran Fighter began the quest for the Orb.
     0 | D:1      | Reached XP level 1. HP: 19/19 MP: 2/2
    50 | D:1      | Found Raeremon's Assorted Antiques.
   240 | D:1      | Found Qizott's Book Emporium.
   276 | D:1      | Found a faded altar of an unknown god.
   281 | D:1      | Reached XP level 2. HP: 21/26 MP: 3/3
   341 | D:1      | Bought a scroll labelled ORYESU ZANAKE for 22 gold pieces
   341 | D:1      | Bought a cyan potion for 19 gold pieces
   341 | D:1      | Bought a cyan potion for 19 gold pieces
   341 | D:1      | Bought a scroll labelled BEPPIOXYTU for 22 gold pieces
   341 | D:1      | Bought a scroll labelled BIUSKAI DOASI for 22 gold pieces
   390 | D:1      | Found Emuennei's Weapon Boutique.
   477 | D:1      | Found Suawn's Weapon Shop.
   493 | D:1      | Glimpsed the power of Zot.
   625 | D:2      | Reached XP level 3. HP: 16/31 MP: 4/4
   770 | D:2      | HP: 1/33 [gnoll/+0 whip (2)]
   792 | D:2      | Reached XP level 4. HP: 20/40 MP: 5/5
   806 | D:2      | Noticed Terence
   819 | D:2      | Slain by Terence

Illustrated notes

Levels and vault maps discovered:
D:1:      kennysheep_arrival_seaside, layout_loops_ring,
          shapermc_ecumenical_altar_acropolis, serial_shops,
          nicolae_shop_waterfront, shop_coins, nicolae_diamond_shop, shop
D:2:      layout_rooms, minmay_goblin_kobold_house, uniq_terence

Skill      XL: |  1  2  3 |
---------------+----------+-----
Armour         | 4 |  4.4
Shields        | 4 |  4.4
Axes           | 3 |  3.4
Fighting       | |  3.9

Action                   |  1- 3 |  4- 6 || total
-------------------------+-------+-------++-------
Melee: War axe           |    68 |    17 ||    85
  Use: Potion            |     4 |     1 ||     5
Armor: Scale mail        |    67 |    13 ||    80
Dodge: Dodged            |    61 |     8 ||    69
Block: Buckler           |    33 |     7 ||    40

Table legend: (Time is in decaauts)
 A = Elapsed time spent in this place.
 B = Non-inter-level travel time spent in this place.
 C = Inter-level travel time spent in this place.
 D = Time resting spent in this place.
 E = Time spent auto-exploring this place.
 F = Levels seen in this place.
 G = Mean time per level.
                   A        B        C        D        E       F      G
               +--------+--------+--------+--------+--------+-----+--------+
         Total |    853 |    805 |     48 |      0 |      0 |   2 |  426.5 |
       Dungeon |    853 |    805 |     48 |      0 |      0 |   2 |  426.5 |
               +--------+--------+--------+--------+--------+-----+--------+

Top non-repeatable levels by time:
     D:1: 603 daAuts
     D:2: 250 daAuts
